 Dungeon Crawl Stone Soup version 0.25-a0-100-g33052ceff8 (webtiles) character file.

Game seed: 17132595248741958297, levelgen mode: deterministic

131753 vurker the Eclecticist (level 16, -2/125 HPs)
             Began as a Mummy Fire Elementalist on Nov 14, 2019.
             Was an Initiate of Gozag.
             Hit by a large rock thrown by Polyphemus (29 damage)
             ... on level 2 of the Shoals.
             The game lasted 01:51:10 (60531 turns).

vurker the Eclecticist (Mummy Fire Elementalist)   Turns: 60531, Time: 01:51:11

Health: -2/125     AC: 12    Str: 14    XL:     16   Next: 56%
Magic:  6/46       EV: 12    Int: 19    God:    Gozag
Gold:   7264       SH:  5    Dex: 12    Spells: 32/50 levels left

rFire    . . .     SeeInvis .   c - staff of poison
rCold    + + .     Gourm    .   z - +0 buckler
rNeg     + + +     Faith    .   B - +2 robe {rF+}
rPois    ∞         Spirit   .   b - +1 helmet
rElec    .         Reflect  .   v - +0 cloak "Jeorul" {rC+ rCorr} (curse)
rCorr    +         Harm     .   H - +2 pair of gloves
MR       +++..                  A - +1 pair of boots {Fly}
Stlth    ++........             (no amulet)
HPRegen  0.30/turn              k - ring of magical power
MPRegen  0.30/turn              q - ring of protection from magic

@: gold aura, flying
A: no food or potions, fire vulnerability, cold resistance 1, negative energy
resistance 3, torment resistance, unbreathing, in touch with death 1
a: Potion Petition, Call Merchant, Bribe Branch, Renounce Religion, Stop Flying


You were on level 2 of the Shoals.
You worshipped Gozag.
Gozag was greatly pleased with you.
You were not hungry.

You visited 5 branches of the dungeon, and saw 26 of its levels.

You collected 10236 gold pieces.
You spent 2214 gold pieces at shops.
You paid 758 gold pieces to Gozag.

Inventory:

Hand Weapons
 h - a +2 dagger of venom
   (You took it off Sonja on level 10 of the Dungeon)
Missiles
 J - 4 throwing nets (quivered)
Armour
 b - a +1 helmet (worn)
   (You found it on level 2 of the Dungeon)
 j - a +0 robe of the Archmagi
   (You took it off an orc wizard on level 2 of the Orcish Mines)
 s - the +3 leather armour "Fouts" {Int+3 Dex+4}
   (You found it on level 5 of the Lair of Beasts)

   It affects your intelligence (+3).
   It affects your dexterity (+4).
 v - the cursed +0 cloak "Jeorul" (worn) {rC+ rCorr}
   (You bought it in a shop on level 2 of the Orcish Mines)

   It protects you from cold.
   It provides partial protection from all sources of acid and corrosion.
   It has a curse placed upon it.
 w - the +3 ring mail of Whack-A-Mole {rElec Str+2 Stlth+}
   (You found it on level 8 of the Dungeon)

   It affects your strength (+2).
   It insulates you from electricity.
   It makes you more stealthy.
 z - a +0 buckler (worn)
   (You bought it in a shop on level 6 of the Dungeon)
 A - a +1 pair of boots of flying (worn)
   (You bought it in a shop on level 6 of the Dungeon)
 B - a +2 robe of fire resistance (worn)
   (You took it off a wight on level 8 of the Dungeon)
 E - the +0 pair of boots "Vylywod" {-Tele +Inv MR+++ Slay-4}
   (You found it on level 13 of the Dungeon)

   It affects your accuracy and damage with ranged weapons and melee attacks
   (-4).
   It affects your resistance to hostile enchantments.
   It lets you turn invisible.
   It prevents most forms of teleportation.
 H - a +2 pair of gloves (worn)
   (You found it on level 14 of the Dungeon)
Magical Staves
 c - an uncursed staff of poison (weapon)
   (You found it on level 5 of the Lair of Beasts)
Jewellery
 a - an uncursed ring of resist corrosion
   (You found it on level 14 of the Dungeon)
 k - a ring of magical power (left hand)
   (You found it on level 3 of the Dungeon)
 q - a ring of protection from magic (right hand)
   (You found it on level 5 of the Dungeon)
 D - a +4 ring of intelligence
   (You found it on level 2 of the Lair of Beasts)
 I - an uncursed ring of wizardry {unknown}
   (You found it on level 1 of the Shoals)
Wands
 d - a wand of iceblast (5)
   (You found it on level 5 of the Dungeon)
 t - a wand of flame (36)
   (You took it off a wight on level 6 of the Dungeon)
 u - a wand of paralysis (18)
   (You found it on level 10 of the Dungeon)
 x - a wand of acid (19)
   (You found it on level 7 of the Dungeon)
Scrolls
 e - 7 scrolls of amnesia
 f - 4 scrolls of fog
 g - 6 scrolls of enchant armour
 i - 9 scrolls of teleportation
 l - 5 scrolls of magic mapping
 m - 2 scrolls of identify
 n - 9 scrolls of remove curse
 o - 5 scrolls of enchant weapon
 p - a scroll of brand weapon
 y - 4 scrolls of immolation
 C - a scroll of blinking
 G - a scroll of fear
Miscellaneous
 r - a fan of gales
   (You found it on level 11 of the Dungeon)
 F - a lamp of fire
   (You found it on level 13 of the Dungeon)


   Skills:
 + Level 11.2 Fighting
 - Level 1.5 Dodging
 - Level 1.5 Stealth
 - Level 4.0 Shields
 * Level 17.8 Spellcasting
 * Level 13.1 Conjurations
 * Level 13.3 Fire Magic
 + Level 2.4 Poison Magic
 - Level 5.0 Evocations


You had 32 spell levels left.
You knew the following spells:

 Your Spells              Type           Power        Failure   Level  Hunger
a - Bolt of Magma         Conj/Fire/Erth ######....   2%          5    N/A
c - Olgreb's Toxic Radia  Pois           #####...     12%         4    N/A
q - Sticky Flame          Conj/Fire      ######..     1%          4    N/A
z - Fireball              Conj/Fire      ######....   1%          5    N/A

Your spell library contained the following spells:

 Spells                   Type           Power        Failure   Level  Hunger
 Flame Tongue             Conj/Fire      #####        0%          1    N/A
 Sting                    Conj/Pois      ####         1%          1    N/A
 Throw Flame              Conj/Fire      ######       1%          2    N/A
 Conjure Flame            Conj/Fire      ######..     1%          3    N/A
 Inner Flame              Hex/Fire       #####...     1%          3    N/A
 Mephitic Cloud           Conj/Pois/Air  ######..     1%          3    N/A
 Static Discharge         Conj/Air       #####...     1%          3    N/A
 Confusing Touch          Hex            ###...       3%          1    N/A
 Corona                   Hex            ###....      3%          1    N/A
 Summon Butterflies       Summ           ###.....     3%          1    N/A
 Poisonous Vapours        Pois/Air       ####..       3%          2    N/A
 Venom Bolt               Conj/Pois      ######....   3%          5    N/A
 Slow                     Hex            ###.....     4%          2    N/A
 Iskenderun's Battlesphe  Conj/Chrm      #####...     6%          5    N/A
 Lightning Bolt           Conj/Air       #####.....   6%          5    N/A
 Call Canine Familiar     Summ           ###.....     10%         3    N/A
 Confuse                  Hex            ###.....     10%         3    N/A
 Gell's Gravitas          Tloc           ###.......   10%         3    N/A
 Portal Projectile        Hex/Tloc       ###...       10%         3    N/A
 Orb of Destruction       Conj           ######....   13%         7    N/A
 Cause Fear               Hex            ###.......   32%         4    N/A
 Leda's Liquefaction      Hex/Erth       ###.......   32%         4    N/A
 Petrify                  Tmut/Erth      ###.....     32%         4    N/A
 Iron Shot                Conj/Erth      #####.....   34%         6    N/A
 Freezing Cloud           Conj/Ice/Air   ####......   63%         6    N/A
 Aura of Abjuration       Summ           ###.......   67%         5    N/A
 Excruciating Wounds      Chrm/Necr      ####......   67%         5    N/A
 Metabolic Englaciation   Hex/Ice        ###.......   67%         5    N/A
 Yara's Violent Unravell  Hex/Tmut       ###.......   67%         5    N/A
 Ignition                 Fire           ######....   67%         8    N/A
 Spellforged Servitor     Conj/Summ      #####.....   88%         7    N/A
 Shadow Creatures         Summ           N/A          99%         6    N/A
 Shatter                  Erth           ###.......   100%        9    N/A
 Tornado                  Air            ###.......   100%        9    N/A
 Beastly Appendage        Tmut           Unusable     N/A         1    N/A
 Blade Hands              Tmut           Unusable     N/A         5    N/A

Dungeon Overview and Level Annotations

Branches:
Dungeon (15/15)            Temple (1/1) D:6            Lair (6/6) D:10
 Shoals (2/4) Lair:3       Spider (0/4) Lair:3        Slime (0/5) Lair:5
    Orc (2/2) D:11            Elf (0/3) Orc:2        Vaults (0/5) D:14
 Depths (0/5) D:15

Altars:
Ashenzari
Cheibriados
Dithmenos
Elyvilon
Fedhas
Gozag
Hepliaklqana
Kikubaaqudgha
Makhleb
Nemelex Xobeh
Okawaru
Qazlal
Ru
Sif Muna
Trog
Uskayaw
Vehumet
Wu Jian
Xom
Yredelemnul
Zin
The Shining One
Jiyva

Shops:
D:5 *   D:6 **   D:8 }   D:10 :   D:14 :   Orc:2 [?}[

Annotations:
Lair:4 1 runed translucent door
Lair:5 1 runed translucent door
Shoals:2 Polyphemus


Innate Abilities, Weirdness & Mutations

You do not eat or drink.
Your flesh is vulnerable to fire.
You are immune to poison.
Your flesh is cold resistant. (rC+)
You are immune to negative energy. (rN+++)
You are immune to unholy pain and torment.
You can survive without breathing.
You are in touch with the powers of death.


Message History

The blast of calcifying dust hits you but does no damage.
The catoblepas breathes a plume of calcifying dust at you.
The blast of calcifying dust hits you. The death yak misses you.
The death yak stops moving altogether!
Polyphemus throws a large rock.
You block the large rock.
You see here a large rock.
Aim: a death yak (heavily wounded, petrified)
The fireball explodes!
The fireball engulfs the death yak!!
The fireball engulfs the catoblepas!
Polyphemus throws a large rock.
You block the large rock.
The fireball explodes!
The fireball engulfs the catoblepas!
You kill the catoblepas!
The fireball engulfs the death yak!!
The fireball explodes!
The fireball engulfs Polyphemus!
The fireball engulfs the death yak!!
Polyphemus becomes distracted by the nearby gold, dreaming of imaginary riches.
Aim: Polyphemus (lightly wounded, hasn't noticed you)
The fireball explodes!
The fireball engulfs Polyphemus!
Polyphemus is no longer distracted by gold.
Polyphemus shouts, "Attack, my pets!
Attack!"
The fireball engulfs the death yak!!
Polyphemus throws a large rock.
The large rock hits you!!
Aim: Polyphemus (moderately wounded)
The fireball explodes!
The fireball engulfs Polyphemus!
The fireball engulfs the death yak!!
You kill the death yak!
You don't have enough magic to cast that spell.
You hit Polyphemus but do no damage. Polyphemus barely misses you.
Polyphemus hits you!
* * * LOW HITPOINT WARNING * * *
The mass of ice explodes!
The iceblast engulfs Polyphemus!
Polyphemus hits you but does no damage. Polyphemus barely misses you.
Aim: Polyphemus (moderately wounded)
The bolt of acid hits Polyphemus!
Polyphemus is splashed with acid.
The acid corrodes Polyphemus!
Polyphemus hits you!!
* * * LOW HITPOINT WARNING * * *
Polyphemus completely misses you.
Aim: Polyphemus (heavily wounded, covered in acid)
The bolt of acid hits Polyphemus!
Polyphemus is splashed with acid.
Polyphemus seems to be corroded for longer.
Polyphemus looks around for something heavy to throw at you.
Polyphemus hits you.
* * * LOW HITPOINT WARNING * * *
You block Polyphemus's attack.
Polyphemus throws a large rock.
The large rock closely misses you.
You hear a splash.
Polyphemus throws a large rock.
The large rock hits you!!
You die...
Your body crumbles into a pile of gold.

≈≈≈≈≈≈≈≈≈≈≈≈≈≈≈≈≈......≈≈.....≈≈≈
≈≈≈≈≈≈≈≈≈≈≈≈≈≈≈≈........)..)≈≈≈≈.
≈≈≈≈≈≈≈≈≈≈≈≈≈≈≈.............≈≈≈≈≈
≈≈≈≈≈≈≈≈≈≈≈≈≈≈≈...#....$...)≈≈≈≈≈
≈≈≈≈≈≈≈≈≈≈≈≈≈≈≈≈....($....≈≈≈≈≈≈≈
≈≈≈≈≈≈≈≈≈≈≈≈≈≈≈≈≈..C≈≈≈≈≈≈≈≈≈≈≈≈≈
≈≈≈≈≈≈≈≈≈≈≈≈≈≈≈≈≈≈≈≈≈≈≈≈(≈≈≈≈≈≈≈≈
≈≈≈≈≈≈≈≈≈≈≈≈≈≈≈≈≈≈≈≈≈≈≈≈≈≈≈≈≈≈≈≈≈
≈≈≈≈≈≈≈≈≈≈≈≈≈≈≈≈@≈≈≈≈≈≈≈≈≈≈≈≈≈≈≈≈
≈≈≈≈≈≈≈≈≈≈≈≈≈≈≈≈≈≈≈≈≈≈≈≈≈≈≈≈≈≈≈≈≈
################################


You could see Polyphemus.

Vanquished Creatures
  Jorgrun (Shoals:1)
  Louise (D:15)
  2 entropy weavers (Lair:4)
  Snorg (Lair:4)
  A yaktaur captain (D:11)
  A fire dragon (D:15)
  An ice dragon (D:15)
  2 merfolk impalers (Shoals:1)
  6 hydras
  2 merfolk aquamancers
  2 centaur warriors (D:14)
  2 merfolk avatars (Shoals:1)
  A catoblepas (Shoals:2)
  A satyr (Shoals:2)
  2 ogre magi
  2 tengu warriors
  12 two-headed ogres
  5 death yaks
  A queen ant (Lair:4)
  4 orc high priests
  Sonja (D:10)
  4 sea snakes (Shoals:1)
  3 unseen horrors
  A skeletal warrior (D:11)
  An obsidian statue (Lair:5)
  A wolf spider zombie (D:15)
  Pikel (D:9)
  An orb spider (shapeshifter) (D:15)
  2 orc knights
  A deep elf mage (D:15)
  2 cyclopes
  2 wolf spiders
  15 ugly things
  2 orc sorcerers
  14 fauns
  8 manticores
  5 merfolk sirens
  6 elephants
  A centaur zombie (D:15)
  3 black mambas
  2 water nymphs (Shoals:1)
  4 rime drakes
  8 spiny frogs
  A torpor snail (shapeshifter) (D:9)
  A gargoyle (D:11)
  4 yaktaurs (D:15)
  An efreet (D:14)
  9 komodo dragons
  A freezing wraith (D:11)
  A redback zombie (D:12)
  A queen bee (Lair:3)
  5 polar bears
  19 merfolk
  6 trolls
  2 jumping spiders (Lair:3)
  Prince Ribbit (D:5)
  3 wind drakes (Shoals:1)
  8 hornets
  12 hippogriffs
  18 blink frogs
  6 slime creatures (D:14)
  A snapping turtle (Shoals:1)
  Sigmund (D:2)
  A wyvern (D:15)
  14 spriggans (Lair:6)
  A vampire (D:12)
  7 water elementals
  2 wraiths
  2 redbacks (Lair:3)
  A human (D:7)
  70 yaks
  4 fire bats (Lair:3)
  A human (shapeshifter) (D:15)
  7 hogs
  A golden eye (shapeshifter) (D:14)
  3 basilisks
  3 hungry ghosts
  2 wargs
  3 vampire mosquitoes (D:13)
  24 soldier ants
  9 water moccasins
  Duvessa (D:5)
  7 porcupines
  3 sky beasts
  An eye of draining (shapeshifter) (D:15)
  4 black bears
  An ice beast (D:5)
  2 slaves (D:9)
  26 orc warriors
  2 eyes of draining
  A necrophage (D:12)
  5 phantoms
  3 boggarts (Lair:6)
  13 ogres
  21 centaurs
  7 crocodiles
  24 wolves
  18 bullfrogs
  A wyvern zombie (D:14)
  Dowan (D:5)
  A wyvern skeleton (D:11)
  A water moccasin skeleton (D:11)
  3 scorpions
  25 killer bees
  3 howler monkeys
  23 wights
  5 electric eels
  11 crimson imps
  11 hounds
  5 bullfrog zombies
  3 jellies
  A bullfrog skeleton (D:10)
  31 orc priests
  33 orc wizards
  8 centaur skeletons
  Crazy Yiuf (D:2)
  Terence (D:2)
  7 iguanas
  35 worker ants
  A hound skeleton (D:6)
  A hound zombie (D:11)
  6 gnolls
  A howler monkey skeleton (D:9)
  13 adders
  3 shadow imps
  An ooze (D:1)
  An adder zombie (D:7)
  An adder skeleton (D:6)
  3 worms
  3 dart slugs (D:1)
  5 leopard geckos
  114 orcs
  A ball python (D:2)
  7 giant cockroaches
  8 goblins
  6 hobgoblins
  20 jackals
  6 quokkas
  4 bats
  6 frilled lizards
  A jackal zombie (D:5)
  8 kobolds
  2 quokka skeletons
  A quokka zombie (D:6)
  5 rats
  A bush (Lair:5)
  A fungus (Lair:6)
  7 plants
980 creatures vanquished.

Vanquished Creatures (others)
  Kirke (Lair:3)
  A jelly (D:9)
  2 bushes
  31 fungi
  15 plants
  5 toadstools (Lair:4)
55 creatures vanquished.

Grand Total: 1035 creatures vanquished

Notes
Turn   | Place    | Note
-------+----------+-------------------------------------------
     0 | D:1      | vurker the Mummy Fire Elementalist began the quest for the
                  | Orb.
     0 | D:1      | Reached XP level 1. HP: 13/13 MP: 4/4
    51 | D:1      | Reached skill level 1 in Conjurations
   187 | D:1      | Reached XP level 2. HP: 19/19 MP: 3/5
   192 | D:1      | Reached skill level 3 in Spellcasting
   557 | D:1      | Reached XP level 3. HP: 25/25 MP: 0/7
  1033 | D:1      | Reached skill level 1 in Fighting
  1754 | D:2      | Found a shattered altar of Ashenzari.
  1754 | D:2      | Noticed Terence
  1826 | D:2      | Killed Terence
  1826 | D:2      | Reached XP level 4. HP: 12/32 MP: 1/9
  2384 | D:2      | Noticed Sigmund
  2396 | D:2      | Killed Sigmund
  2396 | D:2      | Reached skill level 4 in Spellcasting
  2396 | D:2      | Reached XP level 5. HP: 3/38 MP: 2/11
  2845 | D:2      | Found a runed translucent door.
  2846 | D:2      | Noticed Crazy Yiuf
  2859 | D:2      | Found a faded altar of an unknown god.
  2963 | D:2      | Found a glowing golden altar of the Shining One.
  3084 | D:2      | Learned a level 4 spell: Sticky Flame
  3088 | D:2      | Learned a level 3 spell: Conjure Flame
  3094 | D:2      | Learned a level 5 spell: Fireball
  3098 | D:2      | Killed Crazy Yiuf
  3098 | D:2      | Reached XP level 6. HP: 36/44 MP: 7/13
  4350 | D:4      | Reached skill level 5 in Spellcasting
  4590 | D:4      | Reached XP level 7. HP: 48/51 MP: 15/15
  5516 | D:5      | Entered Level 5 of the Dungeon
  5613 | D:5      | Reached skill level 6 in Spellcasting
  5740 | D:5      | Found a bloodstained altar of Trog.
  5740 | D:5      | Found a shadowy altar of Dithmenos.
  5862 | D:5      | Found a shimmering altar of Xom.
  6044 | D:6      | Found Huwaraf's Assorted Antiques.
  6137 | D:5      | Got a distressingly furry chain mail
  6149 | D:5      | Identified the +5 chain mail "Zastro" {rC+ rCorr} (You
                  | found it on level 5 of the Dungeon)
  6196 | D:5      | Found Byxteg's General Store.
  6470 | D:5      | Noticed Prince Ribbit
  6472 | D:5      | Noticed Duvessa
  6473 | D:5      | Noticed Dowan
  6505 | D:5      | Killed Prince Ribbit
  6505 | D:5      | Reached skill level 5 in Fire Magic
  6505 | D:5      | Reached XP level 8. HP: 58/58 MP: 6/18
  6514 | D:5      | Killed Duvessa
  6519 | D:5      | Killed Dowan
  6519 | D:5      | Reached skill level 7 in Spellcasting
  7270 | D:6      | Reached skill level 5 in Conjurations
  7507 | D:6      | Got a tiger eye-studded ring mail
  7518 | D:6      | Identified the cursed +0 ring mail "Inwisi" {+Inv Str+7
                  | Dex-3} (You found it on level 6 of the Dungeon)
  7539 | D:6      | Found an ancient bone altar of Kikubaaqudgha.
  7993 | D:6      | Reached XP level 9. HP: 65/65 MP: 20/20
  8019 | D:6      | Reached skill level 8 in Spellcasting
  8165 | D:6      | Found Qyin Xun's Assorted Antiques.
  8196 | D:6      | Bought a scroll labeled UJILEEFALA for 26 gold pieces
  8196 | D:6      | Bought a scroll labeled XERIUM QESEHI for 26 gold pieces
  8196 | D:6      | Bought a scroll labeled KEUTWE NURISM for 26 gold pieces
  8196 | D:6      | Bought a scroll labeled FOATZE GOEM YGE for 26 gold pieces
  8233 | D:6      | Found a staircase to the Ecumenical Temple.
  8285 | Temple   | Entered the Ecumenical Temple
  8533 | Temple   | Became a worshipper of Gozag Ym Sagoz the Greedy
  9252 | D:7      | Found a glowing silver altar of Zin.
  9290 | D:7      | Reached skill level 9 in Spellcasting
  9291 | D:7      | Reached skill level 5 in Fighting
 10991 | D:8      | Found Ganerapt's Gadget Boutique.
 11045 | D:8      | Reached XP level 10. HP: 66/74 MP: 23/23
 11766 | D:8      | Got a bronze ring mail
 11867 | D:8      | Found a shimmering blue altar of Sif Muna.
 12367 | D:8      | Found an iron altar of Okawaru.
 12803 | D:7      | Found a glowing silver altar of Zin.
 13045 | D:6      | Found Huwaraf's Assorted Antiques.
 13122 | D:6      | Found a staircase to the Ecumenical Temple.
 13160 | D:6      | Found Qyin Xun's Assorted Antiques.
 13310 | D:6      | Found an ancient bone altar of Kikubaaqudgha.
 13747 | D:5      | Found a shimmering altar of Xom.
 13747 | D:5      | Found a bloodstained altar of Trog.
 13747 | D:5      | Found a shadowy altar of Dithmenos.
 15156 | D:2      | Found a shattered altar of Ashenzari.
 15409 | D:2      | Found a glowing golden altar of the Shining One.
 15641 | D:2      | Found a faded altar of an unknown god.
 15827 | D:6      | Bought a buckler for 117 gold pieces
 15827 | D:6      | Bought a pair of embroidered boots for 195 gold pieces
 15842 | D:6      | Identified the +3 ring mail of Whack-A-Mole {rElec Str+2
                  | Stlth+} (You found it on level 8 of the Dungeon)
 16199 | D:9      | Noticed Pikel
 16226 | D:9      | Killed Pikel
 16226 | D:9      | Reached skill level 1 in Shields
 16226 | D:9      | Reached skill level 10 in Spellcasting
 16848 | D:9      | Noticed a harpy
 16857 | D:9      | Noticed a fire crab
 16857 | D:9      | a harpy changed into a fire crab
 16882 | D:9      | Noticed a moth of wrath
 17190 | D:9      | Noticed a torpor snail
 17212 | D:9      | Killed a torpor snail
 18280 | D:10     | Entered Level 10 of the Dungeon
 18391 | D:10     | Noticed Sonja
 18537 | D:10     | Killed Sonja
 18979 | D:10     | Found a staircase to the Lair.
 18998 | D:10     | Reached XP level 11. HP: 81/81 MP: 10/25
 19406 | D:10     | Noticed a two-headed ogre
 19414 | D:10     | Killed a two-headed ogre
 19509 | D:10     | Reached skill level 11 in Spellcasting
 20314 | D:11     | You are sucked into a shaft and drop 2 floors!
 20328 | D:13     | Reached skill level 1 in Evocations
 20729 | D:13     | Noticed an unseen horror
 20741 | D:13     | Killed an unseen horror
 21370 | D:11     | Noticed a two-headed ogre
 21382 | D:11     | Killed a two-headed ogre
 21480 | D:11     | Found a staircase to the Orcish Mines.
 21741 | D:11     | Noticed a white ugly thing
 21753 | D:11     | Killed a white ugly thing
 22306 | D:11     | Noticed an unseen horror
 22309 | D:11     | Killed an unseen horror
 22935 | D:11     | Reached skill level 12 in Spellcasting
 22935 | D:11     | Reached XP level 12. HP: 91/91 MP: 28/28
 23213 | D:11     | Noticed a yaktaur captain
 23226 | D:11     | Killed a yaktaur captain
 23228 | D:11     | Noticed a tengu warrior
 23879 | D:11     | Noticed a two-headed ogre
 23894 | D:11     | Killed a tengu warrior
 23899 | D:11     | Killed a two-headed ogre
 24352 | Lair:1   | Entered Level 1 of the Lair of Beasts
 25437 | D:8      | Bought a wand of acid (9) for 312 gold pieces
 25600 | Lair:1   | Reached skill level 13 in Spellcasting
 26517 | Lair:2   | Noticed a four-headed hydra
 26531 | Lair:2   | Killed a four-headed hydra
 27576 | Lair:2   | Reached skill level 10 in Fire Magic
 27576 | Lair:2   | Gained mutation: You are in touch with the powers of death.
                  | [Mummy growth]
 27576 | Lair:2   | Reached XP level 13. HP: 93/98 MP: 6/30
 28759 | Lair:3   | Found a hole to the Spider Nest.
 29235 | Lair:3   | Reached skill level 10 in Conjurations
 30322 | Lair:3   | Reached skill level 14 in Spellcasting
 30465 | Lair:3   | Found a staircase to the Shoals.
 30481 | Lair:3   | Got a jewelled rapier
 30482 | Lair:3   | Identified the +5 rapier of Subterfuge {pierce, rPois Str+3
                  | Dex+4 Stlth-} (You found it on level 3 of the Lair of
                  | Beasts)
 30943 | Lair:4   | Noticed an entropy weaver
 31429 | Lair:4   | Killed an entropy weaver
 32104 | Lair:4   | Noticed an entropy weaver
 32112 | Lair:4   | Killed an entropy weaver
 32122 | Lair:4   | Reached skill level 5 in Evocations
 32645 | Lair:4   | Noticed Snorg
 32667 | Lair:4   | Killed Snorg
 32667 | Lair:4   | Reached XP level 14. HP: 66/106 MP: 2/32
 33297 | Lair:4   | Noticed Kirke
 33328 | Lair:3   | Killed Kirke
 33710 | Lair:3   | Found a staircase to the Shoals.
 33888 | Lair:3   | Found a hole to the Spider Nest.
 35094 | Lair:4   | Found a runed translucent door.
 36326 | Lair:5   | Got a bloodstained leather armour
 36337 | Lair:5   | Identified the +3 leather armour "Fouts" {Int+3 Dex+4} (You
                  | found it on level 5 of the Lair of Beasts)
 36585 | Lair:5   | Found a runed translucent door.
 36586 | Lair:5   | Found a viscous altar of Jiyva.
 36588 | Lair:5   | Found a staircase to the Slime Pits.
 37831 | Lair:5   | Got a fine great mace
 37833 | Lair:5   | Identified the Catalogue of Shifting Weightlessness
 37843 | Lair:5   | Got a vibrating granite ring
 37845 | Lair:5   | Identified the ring of the Marlin {*Tele rPois rC+ MR-
                  | Slay+6} (You found it on level 5 of the Lair of Beasts)
 37887 | Lair:6   | Entered Level 6 of the Lair of Beasts
 37889 | Lair:6   | Reached skill level 15 in Spellcasting
 43202 | D:12     | You are sucked into a shaft and drop 1 floor!
 43925 | D:13     | Got a pair of encrusted boots
 43936 | D:13     | Identified the cursed +0 pair of boots "Vylywod" {-Tele
                  | +Inv MR+++ Slay-4} (You found it on level 13 of the
                  | Dungeon)
 44639 | Orc:1    | Entered Level 1 of the Orcish Mines
 44642 | Orc:1    | Reached XP level 15. HP: 115/115 MP: 27/34
 45188 | Orc:1    | Reached skill level 16 in Spellcasting
 45193 | Orc:1    | Reached skill level 10 in Fighting
 45895 | Orc:2    | Entered Level 2 of the Orcish Mines
 48865 | Orc:2    | Found a staircase to the Elven Halls.
 49008 | Orc:2    | Found Gozem's Antique Armour Boutique.
 49008 | Orc:2    | Found Rulutuno's Magic Scroll Shop.
 49009 | Orc:2    | Found Beinopib's Antique Armour Shop.
 49012 | Orc:2    | Found Lubiogoc's Gadget Boutique.
 49018 | Orc:2    | Bought a scroll of identify for 32 gold pieces
 49018 | Orc:2    | Bought a scroll of teleportation for 48 gold pieces
 49018 | Orc:2    | Bought a scroll of immolation for 56 gold pieces
 49018 | Orc:2    | Bought a scroll of fear for 56 gold pieces
 49018 | Orc:2    | Bought a scroll of immolation for 56 gold pieces
 49194 | Orc:2    | Bought a steaming cloak for 218 gold pieces
 49204 | Orc:2    | Identified the cursed +0 cloak "Jeorul" {rC+ rCorr} (You
                  | bought it in a shop on level 2 of the Orcish Mines)
 51514 | D:14     | Found a gate to the Vaults.
 52543 | D:14     | Found Taelo Dar's Book Emporium.
 53082 | D:15     | Entered Level 15 of the Dungeon
 53082 | D:15     | Found a snail-covered altar of Cheibriados.
 54299 | D:15     | Noticed Louise
 54306 | D:15     | Killed Louise
 54326 | D:15     | Reached skill level 17 in Spellcasting
 55109 | D:15     | Identified the Incunabulum of Supportive Protection
 55627 | D:15     | Found a staircase to the Depths.
 56272 | D:14     | Bought a Young Poisoner's Handbook for 480 gold pieces
 56272 | D:14     | Bought a book of Power for 540 gold pieces
 56280 | D:14     | Learned a level 5 spell: Bolt of Magma
 56285 | D:14     | Learned a level 4 spell: Olgreb's Toxic Radiance
 56463 | Shoals:1 | Entered Level 1 of the Shoals
 56630 | Shoals:1 | Reached XP level 16. HP: 95/124 MP: 14/37
 57033 | Shoals:1 | Noticed Jorgrun
 57046 | Shoals:1 | Killed Jorgrun
 57046 | Shoals:1 | Reached skill level 1 in Poison Magic
 60402 | Shoals:2 | Noticed Polyphemus
 60531 | Shoals:2 | Hit by a large rock thrown by Polyphemus

Levels and vault maps discovered:
D:1:      lightli_arrival_maybe_door_vault, layout_loops_corners,
          minmay_misc_feat_room, minmay_misc_feat_hallway
D:2:      layout_basic, tso_metal_star, ashenzari_altar_1,
          chequers_ecumenical_altar_simple, uniq_crazy_yiuf_cottage,
          uniq_sigmund, uniq_terence
D:3:      layout_basic, kennysheep_potato
D:4:      layout_gridville, first_ration
D:5:      layout_loops_ring, gammafunk_temple_overflow_forgotten, serial_shops,
          shop, uniq_duvessa, uniq_prince_ribbit1
D:6:      layout_rooms, lemuel_round_altar, temple_pool_b, serial_shops, shop,
          shop
D:7:      layout_basic, basic_altar, grunt_livestock
D:8:      layout_loops_corners, okawaru_altar_gauntlet_db,
          lemuel_blue_sif_altar, serial_shops, nicolae_shop_stone, serial_glass,
          glass_columns_b, glass_columns_c
D:9:      minmay_slanted_spiral_squares, layout_basic, serial_bayou_lagoon_a,
          uniq_pikel
D:10:     layout_loops_corners, erik_lair_island, uniq_sonja
D:11:     layout_irregular_city, hiddenorc2_lemuel, minmay_evil_grid
D:12:     layout_rooms
D:13:     layout_roguey
D:14:     layout_stronghold, david_vaults_2, kennysheep_another_room,
          serial_shops, nicolae_shop_waterfront
D:15:     grunt_enter_depths_hoard, layout_long_grid, basic_altar, uniq_louise
Temple:   minmay_temple_curvy_branch
Lair:1:   layout_cave_pods, chequers_serial_rivers_micro_c, grunt_megastairs_4,
          serial_bayou_shore_b
Lair:2:   layout_loops_ring, chequers_serial_rivers_micro_a,
          chequers_serial_rivers_micro_d, lemuel_fruit_fields
Lair:3:   layout_gridlike, elwin_shoals_entry_stream,
          spider_nest_entry_funnel_web, portal_ice_cave_entry_pillars_1,
          special_room [special_room_bee], serial_bayou_ford_a,
          lemuel_old_faithful
Lair:4:   gammafunk_lair_enchanted_lake, layout_regular_city, minivault_29,
          uniq_kirke, uniq_snorg
Lair:5:   statuecave_lemuel, layout_layer_cave, slime_altar_2
Lair:6:   minmay_lair_end_enchanted_forest, layout_regular_city,
          infiniplex_staircase_pool_2
Shoals:1: layout_shoals, nicolae_shoals_cliffside_cave, uniq_jorgrun
Shoals:2: layout_shoals, uniq_polyphemus
Orc:1:    nicolae_orc_accident_3, layout_caves
Orc:2:    st_orc_mages, layout_caves, gauntlet_entry_generic,
          statue_in_the_mist_lemuel

Skill      XL: |  1  2  3  4  5  6  7  8  9 10 11 12 13 14 15 16 |
---------------+-------------------------------------------------+-----
Conjurations   | 1 2 3 4 5 6 7 8 9 10 11 12 13 | 13.1
Spellcasting   | 3 4 5 6 7 9 10 12 13 14 15 17 | 17.8
Fighting       | 1 2 3 4 5 6 7 8 9 10 11 | 11.2
Fire Magic     | 3 4 5 7 9 10 11 12 13 | 13.3
Shields        | 3 4 |  4.0
Evocations     | 2 3 5 |  5.0
Poison Magic   | 2 |  2.4
Dodging        | |  1.5
Stealth        | |  1.5

Action                   |  1- 3 |  4- 6 |  7- 9 | 10-12 | 13-15 | 16-18 || total
-------------------------+-------+-------+-------+-------+-------+-------++-------
Melee: Dagger            |    43 |     3 |   662 |   370 |   441 |       ||  1519
       Staff             |       |       |       |       |       |    17 ||    17
 Cast: Flame Tongue      |    57 |   108 |   339 |   460 |   207 |       ||  1171
       Conjure Flame     |       |     1 |    13 |    11 |     6 |       ||    31
       Sticky Flame      |       |       |     8 |    54 |   124 |     6 ||   192
       Fireball          |       |       |     2 |   130 |   648 |   146 ||   926
       Bolt of Magma     |       |       |       |       |       |     3 ||     3
Invok: Call Merchant     |       |       |       |     1 |       |       ||     1
Evoke: Wand              |       |       |       |    21 |    20 |     3 ||    44
       Lamp of fire      |       |       |       |       |     1 |       ||     1
  Use: Scroll            |       |     4 |     5 |     8 |    10 |       ||    27
 Stab: Distracted        |       |       |       |     1 |     4 |       ||     5
Armor: Robe              |    14 |    24 |   273 |   219 |   233 |    20 ||   783
Dodge: Dodged            |    44 |    31 |   389 |   315 |   413 |    34 ||  1226
Block: Buckler           |       |       |       |    57 |   175 |    12 ||   244

Table legend:
 A = Non-vault XP
 B = Vault XP
 C = Vault XP percentage of total XP
 D = Non-vault monster count
 E = Vault monster count
 F = Vault count percentage of total count
                 A         B        C        D         E       F
            +---------+---------+-------+---------+---------+-------
      Total |  130216 |   58003 |  30.8 |     698 |     272 |  28.0
            +---------+---------+-------+---------+---------+-------
        D:1 |      58 |       0 |   0.0 |      21 |       0 |   0.0
        D:2 |      55 |     296 |  84.3 |      17 |       3 |  15.0
        D:3 |     115 |       8 |   6.5 |      17 |       4 |  19.0
        D:4 |     530 |       0 |   0.0 |      29 |       0 |   0.0
        D:5 |     758 |     513 |  40.4 |      16 |       3 |  15.8
        D:6 |    1203 |       0 |   0.0 |      34 |       0 |   0.0
        D:7 |     887 |     964 |  52.1 |      25 |       5 |  16.7
        D:8 |     982 |      34 |   3.3 |      19 |       6 |  24.0
        D:9 |     629 |    2034 |  76.4 |      15 |      10 |  40.0
       D:10 |    4152 |    2348 |  36.1 |      30 |      13 |  30.2
       D:11 |    8137 |    5697 |  41.2 |      52 |      41 |  44.1
       D:12 |    3133 |       0 |   0.0 |      24 |       0 |   0.0
       D:13 |    8070 |       0 |   0.0 |      48 |       0 |   0.0
       D:14 |   11155 |    2882 |  20.5 |      50 |       3 |   5.7
       D:15 |   11107 |    3686 |  24.9 |      31 |       3 |   8.8
     Lair:1 |    2112 |     213 |   9.2 |       9 |       1 |  10.0
     Lair:2 |    4974 |       0 |   0.0 |      22 |       0 |   0.0
     Lair:3 |   10713 |    7428 |  40.9 |      34 |      37 |  52.1
     Lair:4 |    4376 |    9954 |  69.5 |      18 |      46 |  71.9
     Lair:5 |    6582 |    1198 |  15.4 |      27 |       4 |  12.9
     Lair:6 |    9608 |    8247 |  46.2 |      31 |      38 |  55.1
   Shoals:1 |   17165 |    3132 |  15.4 |      33 |       1 |   2.9
   Shoals:2 |   15102 |    2675 |  15.0 |      35 |       3 |   7.9
      Orc:1 |    7245 |    2054 |  22.1 |      41 |      14 |  25.5
      Orc:2 |    1368 |    4640 |  77.2 |      20 |      37 |  64.9
            +---------+---------+-------+---------+---------+-------
